 Dungeon Crawl Stone Soup version 0.18.1-8-gdd0e5ea (webtiles) character file.

606 mistymad the Shield-Bearer (level 7, -2/66 HPs)
             Began as a Deep Dwarf Fighter on May 22, 2016.
             Killed by divine providence
             ... invoked by an orc priest
              (6 damage)
             ... on level 4 of the Dungeon.
             The game lasted 00:08:22 (2882 turns).

mistymad the Shield-Bearer (Deep Dwarf Fighter)     Turns: 2882, Time: 00:08:23

Health: -2/66      AC:  8    Str: 19    XL:     7   Next: 19%
Magic:  6/6        EV:  9    Int:  9    God:
Gold:   145        SH: 10    Dex: 14    Spells: 0 memorised, 6 levels left

rFire  . . .     SeeInvis .     a - +0 war axe
rCold  . . .     Gourm    .     b - +0 scale mail
rNeg   . . .     Faith    .     c - +0 shield
rPois  .         Spirit   .     (no helmet)
rElec  .         Dismiss  .     h - +0 cloak
rCorr  .         Reflect  .     (no gloves)
SustAt .         Harm     .     (no boots)
MR     +....                    (no amulet)
Stlth  ..........               (no ring)
                                (no ring)

@: non-regenerating, somewhat resistant to hostile enchantments, extremely
unstealthy
A: damage resistance, recharge devices, sense surroundings 1, slow regeneration
3
a: Device Recharging


You were on level 4 of the Dungeon.
You were not hungry.

You visited 1 branch of the dungeon, and saw 4 of its levels.

You collected 145 gold pieces.

Inventory:

Hand Weapons
 a - a +0 war axe (weapon)
Armour
 b - a +0 scale mail (worn)
 c - a +0 shield (worn)
 h - a +0 cloak (worn)
Jewellery
 u - an uncursed ring of flight {unknown}
 C - an uncursed ring of fire {unknown}
Wands
 e - a wand of heal wounds (6/9)
 w - a wand of lightning (6/15)
Scrolls
 i - 4 scrolls of remove curse
 k - a scroll of magic mapping
 m - 2 scrolls of random uselessness
 t - a scroll of noise
 y - a scroll of blinking
 D - 2 scrolls of teleportation
Potions
 d - a potion of might
 g - 3 potions of haste {unknown}
 j - 3 potions of curing {unknown}
 l - a potion of ambrosia {unknown}
 n - a potion of beneficial mutation {unknown}
 p - 2 potions of flight {unknown}
 q - a potion of lignification {unknown}
 r - 2 potions of agility {unknown}
 s - a potion of invisibility {unknown}
 v - 2 potions of heal wounds {unknown}
 x - a potion of cancellation {unknown}
 z - a potion of mutation {unknown}
Comestibles
 f - 3 bread rations
 A - 7 chunks of flesh
 B - a fruit


   Skills:
 + Level 4.4 Fighting
 + Level 4.1 Axes
 + Level 4.7 Armour
 + Level 3.2 Dodging
 + Level 5.3 Shields


You had 6 spell levels left.
You didn't know any spells.

Dungeon Overview and Level Annotations

Branches:
Dungeon (4/15)
 Temple: D:4-7

Altars:
Gozag
Sif Muna
Trog
Yredelemnul
Zin

Annotations:
D:3 1 exclusion


Innate Abilities, Weirdness & Mutations

You are resistant to damage.
You can recharge devices by infusing magical energy.
You passively map a small area around you.
You do not regenerate naturally.


Message History

Your shield and scale mail prevent you from hitting the orc.
The orc priest calls down the wrath of Beogh upon you.
Beogh smites you!
* * * LOW HITPOINT WARNING * * *
The orc hits you with a mace!
* * * LOW HITPOINT WARNING * * *
You barely miss the orc priest.
The orc priest is severely wounded.
You closely miss the orc. You block the orc priest's attack.
The orc hits you with a mace.
* * * LOW HITPOINT WARNING * * *
You block the orc priest's attack.
Your shield prevents you from hitting the orc priest.
The orc priest is severely wounded.
You hit the orc.
The orc is heavily wounded.
The orc closely misses you.
The orc priest mumbles some strange prayers to Beogh against you.
Beogh smites you!
You die...

#...#### #.........##........
#......### #...................
#...##...#########.#........##.
###...##..# #.#.......####
###..##.########....)........
##### ##.##...##.......#.##.#####
....# #.........#>..###.##...#
....# #####....oo...##..####.#
....######......@##..##..# #.###
.....)............#..##..# #>#..
..<.######.####.#.....#..# ##.#.#
....##.....####.....#.#..###....#
....#..######.....#.#.#......##.#
#####....###....#.#.#.#.###.....#
###..........>#....)#........
#.....#+#...####).#..#..#..
#.....+_+...####....##..##.


You could see an orc priest and an orc.

Vanquished Creatures
  The ghost of mistymad the Ruffian, an amateur NaTm of Okawaru (D:3)
  An ogre (D:4)
  A hound (D:3)
  3 orc priests (D:4)
  An orc wizard (D:4)
  A giant frog skeleton (D:4)
  Natasha (twice) (D:3)
  11 gnolls
  2 adders
  2 oozes
  3 worms
  A dart slug (D:2)
  A giant gecko (D:2)
  3 orcs
  2 ball pythons
  4 giant cockroaches
  8 goblins
  7 hobgoblins
  6 jackals
  A quokka (D:3)
  A giant newt (D:4)
  9 kobolds
  9 rats
80 creatures vanquished.

Notes
Turn   | Place    | Note
--------------------------------------------------------------
     0 | D:1      | mistymad the Deep Dwarf Fighter began the quest for the Orb.
     0 | D:1      | Reached XP level 1. HP: 20/20 MP: 1/1
   288 | D:1      | Reached XP level 2. HP: 27/27 MP: 2/2
   724 | D:2      | Found a faded altar to an unknown god.
   796 | D:2      | Reached XP level 3. HP: 31/34 MP: 3/3
   971 | D:2      | Found an opulent altar of Gozag.
  1094 | D:2      | Found a glowing silver altar of Zin.
  1094 | D:2      | Noticed an angel
  1132 | D:2      | Reached skill level 1 in Dodging
  1353 | D:3      | Found a deep blue altar of Sif Muna.
  1366 | D:3      | Noticed mistymad's ghost (amateur NaTm)
  1380 | D:3      | Killed mistymad's ghost
  1380 | D:3      | Reached skill level 4 in Shields
  1380 | D:3      | Reached XP level 4. HP: 27/43 MP: 4/4
  1380 | D:3      | Reached XP level 5. HP: 31/49 MP: 5/5
  2095 | D:3      | Noticed Natasha
  2101 | D:3      | Killed Natasha
  2101 | D:3      | Reached XP level 6. HP: 44/57 MP: 6/6
  2215 | D:3      | Noticed Natasha
  2223 | D:3      | Killed Natasha
  2425 | D:4      | Reached skill level 5 in Shields
  2530 | D:4      | Found a basalt altar of Yredelemnul.
  2592 | D:4      | Found a bloodstained altar of Trog.
  2698 | D:4      | HP: 1/57 [orc priest/divine providence (9)]
  2708 | D:4      | Reached XP level 7. HP: 20/64 MP: 7/7
  2773 | D:4      | HP: 1/66 [orc priest/divine providence (8)]
  2882 | D:4      | Killed from afar by an orc priest

Skill      XL: |  1  2  3  4  5  6  7 |
---------------+----------------------+-----
Fighting       | 3 4 |  4.4
Dodging        | 1 2 3 |  3.2
Axes           | 3 4 |  4.1
Shields        | 4 5 |  5.3
Armour         | 4 |  4.7

Action                   |  1- 3 |  4- 6 |  7- 9 || total
-------------------------+-------+-------+-------++-------
Melee: War axe           |   120 |   157 |    19 ||   296
 Abil: Device Recharging |       |       |     1 ||     1
Evoke: Wand              |       |     6 |     1 ||     7
  Use: Scroll            |       |       |     6 ||     6
  Eat: Chunk             |     1 |     5 |     1 ||     7
Armor: Scale mail        |    57 |    56 |     3 ||   116
Dodge: Dodged            |    30 |    57 |     7 ||    94
Block: Shield            |    61 |    95 |    13 ||   169
